[Event "Titled Tuesday Blitz January 17 Early 2023"]
[White "Jovic, Stanoje"]
[Black "Fiorito, Joaquin"]
[WhiteFideId "905020"]
[BlackFideId "180173"]
[WhiteElo "2075"]
[BlackElo "2405"]
[Result "1-0"]
[Round "05"]
[TimeControl "180+2"]
[Date "2023.01.17"]
[WhiteClock "0:00:13"]
[BlackClock "0:00:07"]

1. c4 Nf6 2. g3 e6 3. Bg2 d5 4. Nf3 dxc4 5. O-O Nbd7 6. a4 Nc5 7. Qc2 Nb3 8. Ra2 Nxc1 9. Rxc1 Bd6 10. Qxc4 O-O 11. d4 Rb8 12. Nc3 a6 13. e4 b5 14. axb5 axb5 15. Qe2 b4 16. Na4 b3 17. Raa1 Be7 18. Ne5 Bb7 19. Rc4 Bd6 20. Nd3 Be7 21. Rac1 Ba6 22. Rxc7 Qxd4 23. Bf1 Qxa4 24. Rxe7 Qxe4 25. Qxe4 Nxe4 26. Rcc7 Bxd3 27. Bxd3 Nf6 28. Rb7 Nd5 29. Rxf7 Rxb7 30. Rxb7 Rd8 31. Rxb3 Nf6 32. Bc4 Kf7 33. Rb7+ Rd7 34. Rxd7+ Nxd7 35. f4 Nb6 36. Bd3 g6 37. b4 Ke7 38. Kf2 Kd6 39. Kf3 Nd5 40. b5 Nc3 41. Kg4 Nd5 42. Kg5 Nb4 43. Bf1 Nc2 44. Kh6 Ne3 45. Bd3 Ng4+ 46. Kxh7 Nxh2 47. Kxg6 Nf3 48. g4 e5 49. f5 Nd4 50. f6 Ne6 51. f7 Ke7 52. b6 Nc5 53. Be4 Kf8 54. b7 Nd7 55. Bd5 Nb8 56. Kf5 Nd7 57. Ke6 Nb8 58. Kxe5 Ke7 59. g5 Nd7+ 60. Kf5 Kf8 61. g6 Kg7 62. Ke6 Nb8 63. Ke7 Nd7 64. Kxd7 Kh6 65. f8=Q+ Kg5 66. g7 1-0


[Site "https://www.chess.com"]

[Event "Titled Tuesday Blitz January 17 Early 2023"]
[White "Pfreundt, Jakob"]
[Black "Sreyas Payyappat"]
[WhiteFideId "12918156"]
[BlackFideId "46674969"]
[WhiteElo "2407"]
[BlackElo "2076"]
[Result "1/2-1/2"]
[Round "05"]
[TimeControl "180+2"]
[Date "2023.01.17"]
[WhiteClock "0:00:06"]
[BlackClock "0:00:05"]

1. Nf3 Nf6 2. g3 c5 3. c4 g6 4. Bg2 Bg7 5. Nc3 Nc6 6. d4 cxd4 7. Nxd4 O-O 8. O-O Qa5 9. Nb3 Qh5 10. e3 d6 11. Qxh5 Nxh5 12. Bd2 Be6 13. Nd5 Bxb2 14. Rab1 Bg7 15. c5 dxc5 16. Nc7 Bxb3 17. Nxa8 Bxa2 18. Rxb7 Ne5 19. Rxa7 Bc4 20. Rc1 Rd8 21. Ba5 Rb8 22. Bc7 Rb4 23. Bxe5 Bxe5 24. Rxe7 Bb2 25. Rc2 Kg7 26. Rb7 Ra4 27. Rxc4 Rxc4 28. Rxb2 Rc1+ 29. Bf1 c4 30. Kg2 c3 31. Ra2 c2 32. Nb6 Nf6 33. Nc4 Ne4 34. Na3 Rxf1 35. Rxc2 Ra1 36. Nc4 f5 37. Ne5 Kf6 38. Nd3 Ra7 39. h4 h6 40. Nf4 g5 41. Rc6+ Kf7 42. hxg5 hxg5 43. Ne6 Ra2 44. Nd4 Rxf2+ 45. Kg1 g4 46. Ne6 Rf3 47. Nf4 Rxg3+ 48. Kf1 Rf3+ 49. Kg2 Rxe3 50. Rc7+ Ke8 51. Nd5 Re2+ 52. Kf1 Rd2 53. Ne7 Kd8 54. Ra7 g3 55. Nxf5 g2+ 56. Kg1 Ng5 57. Ra8+ Kd7 58. Ra3 Ke6 59. Nh4 Ke5 60. Rg3 Kf4 61. Rxg5 Kxg5 62. Nf3+ Kg4 63. Nxd2 Kg3 64. Ne4+ Kf4 65. Kxg2 1/2-1/2


[Site "https://www.chess.com"]

[Event "Titled Tuesday Blitz January 17 Early 2023"]
[White "Bruned, Yvain"]
[Black "Royal, Shreyas"]
[WhiteFideId "2250292"]
[BlackFideId "448869"]
[WhiteElo "2286"]
[BlackElo "2438"]
[Result "1-0"]
[Round "05"]
[TimeControl "180+2"]
[Date "2023.01.17"]
[WhiteClock "0:00:14"]
[BlackClock "0:00:36"]

1. b3 d5 2. Bb2 Bf5 3. e3 h6 4. Nf3 c6 5. d4 Nf6 6. Be2 Nbd7 7. O-O e6 8. c4 Bd6 9. Ba3 Qc7 10. Bxd6 Qxd6 11. Nbd2 O-O 12. Qc1 Rfe8 13. Qb2 a5 14. a3 Qe7 15. b4 Reb8 16. b5 Ne4 17. Nxe4 Bxe4 18. Nd2 Bg6 19. cxd5 cxd5 20. Rac1 Qd6 21. Nb3 Rc8 22. Rxc8+ Rxc8 23. Rc1 Rxc1+ 24. Qxc1 a4 25. Nc5 Qc7 26. Qc3 Nb6 27. Qb4 e5 28. Bf1 exd4 29. exd4 Qe7 30. h3 Bc2 31. Qc3 Be4 32. Qa5 Nc4 33. Qa8+ Kh7 34. Qxb7 Qxb7 35. Nxb7 Nxa3 36. Nc5 Bf5 37. b6 Bc8 38. Nxa4 Nc4 39. Bxc4 dxc4 40. Kf1 Kg6 41. Ke1 Kf5 42. Kd2 Ke4 43. Kc3 Kd5 44. Nc5 Kc6 45. b7 Bxb7 46. Nxb7 Kc7 47. Na5 1-0


[Site "https://www.chess.com"]

[Event "Titled Tuesday Blitz January 17 Early 2023"]
[White "Kochetov, Andrey"]
[Black "Valle Maytin, Luis Enrique"]
[WhiteFideId "24130532"]
[BlackFideId "3503666"]
[WhiteElo "2165"]
[BlackElo "2241"]
[Result "1/2-1/2"]
[Round "05"]
[TimeControl "180+2"]
[Date "2023.01.17"]
[WhiteClock "0:00:03"]
[BlackClock "0:00:05"]

1. e4 c6 2. d4 d5 3. Nc3 dxe4 4. Nxe4 Nf6 5. Nxf6+ exf6 6. c3 Bd6 7. Bd3 O-O 8. Ne2 Re8 9. O-O Nd7 10. f4 Nb6 11. c4 Bc7 12. Bd2 Bg4 13. Bc3 Qe7 14. Rf2 Qe3 15. Qc2 Bxe2 16. Bxe2 Bxf4 17. Rf1 Bh6 18. Kh1 Nd7 19. Bd3 Nf8 20. Bd2 Qxd4 21. Bxh6 gxh6 22. Rxf6 Re3 23. Be2 Rae8 24. Rxf7 Ng6 25. Bh5 Qe4 26. Bxg6 hxg6 27. Qxe4 R3xe4 28. Rxb7 Rxc4 29. h3 Rc2 30. Rf3 Re1+ 31. Kh2 Ree2 32. Rg3 g5 33. h4 Rxb2 34. Rxb2 Rxb2 35. hxg5 h5 36. Ra3 Rb7 37. Kh3 Kg7 38. Kh4 Kg6 39. Ra6 Rb4+ 40. Kh3 Kxg5 41. Rxa7 Rc4 42. Ra5+ c5 43. Ra3 Rd4 44. Rc3 c4 45. Kh2 Kf4 46. a4 Ke4 47. a5 Kd5 48. a6 Kc6 49. Ra3 Rd8 50. Kh3 Kb5 51. a7 Ra8 52. Kh4 Kb4 53. Ra1 c3 54. Kxh5 Kb3 55. g4 Kb2 56. Ra6 c2 57. Rb6+ Ka3 58. Rc6 Kb3 59. Rb6+ Kc3 60. Rc6+ Kd3 61. Rd6+ Ke4 62. Re6+ Kd5 63. Re1 Rxa7 64. g5 Rb7 65. Rc1 Rc7 66. g6 Kd4 67. Kh6 Kd3 68. g7 Rxg7 69. Kxg7 Kd2 70. Rxc2+ Kxc2 1/2-1/2


[Site "https://www.chess.com"]

[Event "Titled Tuesday Blitz January 17 Early 2023"]
[White "Castellanos Gomez, Alejandro"]
[Black "Rangel, Daniel"]
[WhiteFideId "22284141"]
[BlackFideId "2124475"]
[WhiteElo "2253"]
[BlackElo "2207"]
[Result "0-1"]
[Round "05"]
[TimeControl "180+2"]
[Date "2023.01.17"]
[WhiteClock "0:00:02"]
[BlackClock "0:00:07"]

1. d4 Nf6 2. Bf4 g6 3. Nc3 Bg7 4. e4 d5 5. exd5 Nxd5 6. Nxd5 Qxd5 7. c3 O-O 8. Bxc7 Nc6 9. Nf3 Bg4 10. Be2 b5 11. h3 Bf5 12. Nh4 Be6 13. O-O b4 14. c4 Qxd4 15. Bf3 Rac8 16. Bg3 g5 17. Qa4 gxh4 18. Rfd1 Qc5 19. Bxh4 Ne5 20. Be2 Ng6 21. Bg3 Bxb2 22. Rab1 Bc3 23. h4 Bxc4 24. Bg4 e6 25. h5 Be5 26. hxg6 Bxg3 27. gxh7+ Kh8 28. Rb2 Bd6 29. Rc2 Qe5 30. g3 Bd5 31. Re2 Qf6 32. Qa6 Rcd8 33. Red2 Bc5 34. Rf1 Qg7 35. Qe2 f5 36. Bf3 Qxg3+ 37. Kh1 Bxf3+ 0-1


[Site "https://www.chess.com"]

[Event "Titled Tuesday Blitz January 17 Early 2023"]
[White "Tasev, Dejan"]
[Black "Degenbaev, Aziz"]
[WhiteFideId "936618"]
[BlackFideId "13802640"]
[WhiteElo "2205"]
[BlackElo "2203"]
[Result "1-0"]
[Round "05"]
[TimeControl "180+2"]
[Date "2023.01.17"]
[WhiteClock "0:00:05"]
[BlackClock "0:00:02"]

1. e4 c5 2. Nf3 d6 3. Nc3 Nf6 4. d4 cxd4 5. Nxd4 a6 6. Bc4 e6 7. Bb3 Be7 8. f3 O-O 9. Be3 b5 10. a3 Qc7 11. Qd2 Nbd7 12. g4 Nc5 13. Ba2 Rb8 14. O-O Bd7 15. b4 Na4 16. Nxa4 bxa4 17. c4 Rfd8 18. Rac1 a5 19. Rb1 axb4 20. axb4 Be8 21. Rfc1 Qb7 22. Qf2 Nd7 23. c5 Ne5 24. Qe2 dxc5 25. bxc5 Qc7 26. Rxb8 Rxb8 27. f4 Nc6 28. Nb5 Qb7 29. Nd6 Bxd6 30. cxd6 Bd7 31. e5 g6 32. h4 a3 33. Kh2 Qb2 34. Rc2 Qa1 35. h5 Rb2 36. Bc4 Nb4 37. Rd2 Rxd2 38. Qxd2 Qb2 39. Kg3 gxh5 40. gxh5 Nc2 41. Bf2 a2 42. Bxa2 Qxa2 43. Qd3 Nb4 44. Qf3 Nd5 45. Qg4+ Kf8 46. Qg5 Qb3+ 47. Kh2 Qa4 48. Qd8+ Kg7 49. Qg5+ Kf8 50. Bg3 Qc2+ 51. Kg1 Qd1+ 52. Kh2 Qe2+ 53. Kh3 Qf1+ 54. Kh2 Qe2+ 55. Kg1 Qb5 56. Qd8+ Be8 57. h6 Ne3 58. Qe7+ Kg8 59. Qg5+ Kf8 60. Qg7# 1-0


[Site "https://www.chess.com"]

[Event "Titled Tuesday Blitz January 17 Early 2023"]
[White "Albertini, Luca"]
[Black "Aizpurua, Patrick Emilio"]
[WhiteFideId "847038"]
[BlackFideId "6600522"]
[WhiteElo "2084"]
[BlackElo "2304"]
[Result "0-1"]
[Round "05"]
[TimeControl "180+2"]
[Date "2023.01.17"]
[WhiteClock "0:00:10"]
[BlackClock "0:00:27"]

1. e4 e6 2. d4 d5 3. e5 c5 4. c3 Nc6 5. Nf3 Qb6 6. a3 c4 7. Be2 Bd7 8. O-O Nge7 9. Nbd2 Na5 10. Qe1 Nf5 11. Bd1 Be7 12. Bc2 O-O-O 13. b3 cxb3 14. Rb1 Ba4 15. Nxb3 Bxb3 16. Bxb3 Nxb3 17. Nd2 Qc7 18. Rxb3 h5 19. Qe2 g5 20. Bb2 g4 21. Rc1 Kb8 22. a4 h4 23. Qxg4 Rdg8 24. Qe2 Qc6 25. Qb5 Qxb5 26. axb5 Rg4 27. Ra1 Rhg8 28. g3 hxg3 29. hxg3 f6 30. exf6 Bxf6 31. Rba3 e5 32. Rxa7 Kc7 33. R1a6 Nxg3 34. fxg3 Rxg3+ 35. Kf1 Rg1+ 36. Ke2 R8g2+ 37. Kd3 e4+ 38. Kc2 Bg5 39. Rg6 Rxd2+ 40. Kb3 Rxb2+ 41. Kxb2 Bc1+ 42. Kc2 Rxg6 43. Kxc1 Kb6 44. Ra8 Kxb5 45. Rd8 Kc4 46. Rc8+ Kd3 47. Kb2 Rb6+ 48. Kc1 e3 49. Re8 e2 50. Re5 Rb3 51. c4 Rc3+ 52. Kb2 Rxc4 53. Kb3 Rxd4 0-1


[Site "https://www.chess.com"]

[Event "Titled Tuesday Blitz January 17 Early 2023"]
[White "Donskov, Anatoly"]
[Black "Ginzburg, Yakov"]
[WhiteFideId "24143413"]
[BlackFideId "4157176"]
[WhiteElo "2279"]
[BlackElo "2405"]
[Result "1-0"]
[Round "05"]
[TimeControl "180+2"]
[Date "2023.01.17"]
[WhiteClock "0:00:05"]
[BlackClock "0:00:12"]

1. e4 c5 2. Nf3 e6 3. d4 cxd4 4. Nxd4 Nf6 5. Nc3 Nc6 6. a3 Qb6 7. Nb3 Be7 8. Be3 Qc7 9. f4 d6 10. Qf3 O-O 11. g4 d5 12. e5 Nxe5 13. fxe5 Qxe5 14. O-O-O Nxg4 15. Bf4 Qf5 16. Bd3 Ne5 17. Qg3 Nxd3+ 18. cxd3 Bf6 19. d4 Bd7 20. Nc5 Bc6 21. Rhf1 Rac8 22. h4 b6 23. Bd6 Qh5 24. Rxf6 bxc5 25. Bxf8 Kxf8 26. Qd6+ Ke8 27. Rxe6+ fxe6 28. Qxe6+ Kd8 29. Qd6+ Bd7 30. Qf8+ Qe8 31. Qxg7 Qe3+ 32. Kb1 Bf5+ 33. Ka1 cxd4 34. Rxd4 Rxc3 35. Rxd5+ Kc8 36. Qxc3+ Qxc3 37. bxc3 Be4 38. Re5 Bd3 39. Re7 a5 40. Kb2 a4 41. Kc1 Kd8 42. Ra7 h5 43. Kd2 Bb5 44. Ke3 Kc8 45. Kd4 Be8 46. Rg7 Kd8 47. c4 Bc6 48. c5 Bf3 49. Ke5 Ke8 50. Kd6 Kf8 51. Ra7 Ke8 52. Rxa4 Kf7 53. Rf4+ Kg6 54. Rxf3 1-0


[Site "https://www.chess.com"]

[Event "Titled Tuesday Blitz January 17 Early 2023"]
[White "Sielecki, Christof"]
[Black "Becerra, Juan David"]
[WhiteFideId "4620437"]
[BlackFideId "4404998"]
[WhiteElo "2419"]
[BlackElo "2382"]
[Result "0-1"]
[Round "05"]
[TimeControl "180+2"]
[Date "2023.01.17"]
[WhiteClock "0:00:10"]
[BlackClock "0:00:28"]

1. e4 e5 2. Nf3 Nc6 3. Bb5 a6 4. Ba4 f5 5. d4 exd4 6. e5 Bc5 7. c3 Nge7 8. cxd4 Bb4+ 9. Nc3 d5 10. O-O O-O 11. Ne2 b5 12. Bb3 Na5 13. Bd2 Bxd2 14. Qxd2 Nc4 15. Qc1 f4 16. h3 Ng6 17. Bc2 Bf5 18. b3 Nb6 19. Bxf5 Rxf5 20. Qc6 Qd7 21. Rac1 Rc8 22. Qxd7 Nxd7 23. Nc3 Ne7 24. a4 b4 25. Na2 a5 26. Rc2 c5 27. e6 Nf8 28. dxc5 Nxe6 29. Re1 Rf6 30. Rce2 Rc6 31. Nc1 Nf5 32. Nd3 h6 33. Nfe5 Ned4 34. Nxc6 Nxe2+ 35. Rxe2 Rxc6 36. Re5 Nd4 37. Rxd5 Nxb3 38. Rd8+ Kh7 39. Rb8 Nxc5 40. Ne5 Re6 41. Nf7 Nxa4 42. h4 Re7 43. Nh8 h5 44. Rf8 b3 45. Nf7 b2 46. Ng5+ Kg6 47. Rb8 Re1+ 48. Kh2 b1=Q 0-1


[Site "https://www.chess.com"]

[Event "Titled Tuesday Blitz January 17 Early 2023"]
[White "Saravana, Krishnan P."]
[Black "Devaev, Alexander"]
[WhiteFideId "5018382"]
[BlackFideId "4169395"]
[WhiteElo "2284"]
[BlackElo "2325"]
[Result "1-0"]
[Round "05"]
[TimeControl "180+2"]
[Date "2023.01.17"]
[WhiteClock "0:00:18"]
[BlackClock "0:00:04"]

1. e4 c6 2. d4 d5 3. f3 dxe4 4. fxe4 e5 5. Nf3 Be6 6. c3 Nd7 7. Be3 Ngf6 8. Nbd2 c5 9. d5 Bg4 10. h3 Bxf3 11. Qxf3 a6 12. a4 Be7 13. a5 O-O 14. Be2 Ne8 15. g3 Bg5 16. Bf2 Nd6 17. h4 Bxd2+ 18. Kxd2 b6 19. g4 bxa5 20. g5 Rb8 21. Ra2 a4 22. Be3 a3 23. bxa3 Rb3 24. h5 Qa5 25. Rc2 Qa4 26. Rh4 Rxa3 27. g6 Ra2 28. Bd1 Nc4+ 29. Kd3 Rxc2 30. Bxc2 Qb5 31. gxh7+ Kh8 32. h6 g6 33. Bc1 Kxh7 34. Qh3 a5 35. Ke2 a4 36. Bd3 Ndb6 37. Qf1 Qd7 38. Qf6 Rg8 39. Qf1 a3 40. Bb1 Qe7 41. Rh2 Nb2 42. Bxb2 axb2 43. Kd1 c4 44. Rxb2 Na4 45. Rf2 Nxc3+ 46. Kc2 1-0


[Site "https://www.chess.com"]

[Event "Titled Tuesday Blitz January 17 Early 2023"]
[White "Osmak, Yuliia"]
[Black "Bon, Michael"]
[WhiteFideId "14101602"]
[BlackFideId "620696"]
[WhiteElo "2440"]
[BlackElo "2394"]
[Result "1/2-1/2"]
[Round "05"]
[TimeControl "180+2"]
[Date "2023.01.17"]
[WhiteClock "0:00:08"]
[BlackClock "0:00:14"]

1. e4 e6 2. d4 d5 3. e5 c5 4. c3 Nc6 5. Nf3 Qb6 6. Bd3 cxd4 7. O-O Bd7 8. Re1 Nge7 9. h4 Rc8 10. a3 a6 11. b4 dxc3 12. Nxc3 Nxb4 13. Be3 Qd8 14. axb4 Rxc3 15. Bc5 Nc6 16. Bxf8 Kxf8 17. Qd2 Rb3 18. b5 axb5 19. Qc2 Rb4 20. Qc5+ Qe7 21. Ra8+ Be8 22. Qb6 g6 23. h5 Kg7 24. Qe3 h6 25. hxg6 fxg6 26. g3 g5 27. Kg2 Bh5 28. Rxh8 Bxf3+ 29. Qxf3 Kxh8 30. Qh5 Qg7 31. Qe8+ Qg8 32. Qh5 Qg7 33. Qe8+ Qg8 34. Qh5 Qg7 1/2-1/2


[Site "https://www.chess.com"]

[Event "Titled Tuesday Blitz January 17 Early 2023"]
[White "Divya Deshmukh"]
[Black "Dwilewicz, Katarzyna"]
[WhiteFideId "35006916"]
[BlackFideId "1148486"]
[WhiteElo "2372"]
[BlackElo "2115"]
[Result "1-0"]
[Round "05"]
[TimeControl "180+2"]
[Date "2023.01.17"]
[WhiteClock "0:00:12"]
[BlackClock "0:00:14"]

1. e4 c5 2. Nf3 e6 3. d4 cxd4 4. Nxd4 Nc6 5. Nc3 Qc7 6. Be3 a6 7. Be2 Nf6 8. O-O Be7 9. a4 d6 10. f4 O-O 11. Bf3 Na5 12. Qd3 Nc4 13. Bc1 Bd7 14. b3 Na5 15. Ba3 Rac8 16. Nde2 Rfd8 17. Rad1 Be8 18. Qe3 b5 19. axb5 axb5 20. e5 dxe5 21. Bxe7 Qxe7 22. fxe5 Nd5 23. Bxd5 exd5 24. Nxd5 Qb7 25. Nef4 Bc6 26. Nb4 Qe7 27. Nxc6 Nxc6 28. e6 fxe6 29. Rxd8+ Rxd8 30. Qxe6+ Qxe6 31. Nxe6 Re8 32. Nc7 Re5 33. Rd1 h5 34. Rd6 Nb4 35. c3 Na2 36. Rd5 Rxd5 37. Nxd5 Kf7 38. Kf2 g5 39. Ke3 h4 40. Kd2 Kg6 41. Kc2 Kf5 42. Kb2 Ke5 43. Nc7 Ke4 44. Kxa2 Ke3 45. c4 bxc4 46. bxc4 Kd4 47. Ne6+ Kxc4 48. Nxg5 Kd3 49. Nf3 h3 50. gxh3 Ke3 51. h4 Kf4 52. Kb3 Kg4 53. Kc3 Kh5 54. Kd3 Kg4 55. Ke3 Kh5 56. Kf4 1-0


[Site "https://www.chess.com"]

[Event "Titled Tuesday Blitz January 17 Early 2023"]
[White "Lymar, Vladislav"]
[Black "Gutkin, Ilya"]
[WhiteFideId "14162180"]
[BlackFideId "16203470"]
[WhiteElo "2119"]
[BlackElo "2273"]
[Result "1/2-1/2"]
[Round "05"]
[TimeControl "180+2"]
[Date "2023.01.17"]
[WhiteClock "0:00:05"]
[BlackClock "0:00:04"]

1. e4 e5 2. Nf3 Nc6 3. g3 Nf6 4. d3 Bc5 5. Bg2 d6 6. O-O O-O 7. c3 a5 8. a4 h6 9. Na3 Re8 10. Nc4 Be6 11. b3 Ba7 12. Be3 Bxe3 13. Nxe3 d5 14. exd5 Nxd5 15. Qc2 Qf6 16. Nd2 Rad8 17. Ne4 Qe7 18. Nc4 f5 19. Ned2 Qc5 20. Rae1 Bf7 21. Kh1 b6 22. f4 exf4 23. d4 Qf8 24. Rxe8 Rxe8 25. Qxf5 Nce7 26. Qd3 Bg6 27. Be4 Bxe4+ 28. Nxe4 Nf5 29. Ne5 Nfe3 30. Rf3 Qa3 31. Qb1 c5 32. gxf4 cxd4 33. cxd4 Qb4 34. Qg1 Qxd4 35. Rxe3 Qxe3 36. Nf6+ Kf8 37. Nxd5 Qe4+ 38. Qg2 Qe1+ 39. Qg1 Qe4+ 40. Qg2 Qe1+ 41. Qg1 Qe4+ 1/2-1/2


[Site "https://www.chess.com"]

[Event "Titled Tuesday Blitz January 17 Early 2023"]
[White "Bychkov, Vladimir"]
[Black "Bethke, Richard"]
[WhiteFideId "24151513"]
[BlackFideId "12959243"]
[WhiteElo "2225"]
[BlackElo "2382"]
[Result "1-0"]
[Round "05"]
[TimeControl "180+2"]
[Date "2023.01.17"]
[WhiteClock "0:00:20"]
[BlackClock "0:00:07"]

1. c4 f5 2. Nc3 Nf6 3. d4 e6 4. Bg5 Be7 5. e3 O-O 6. Bd3 d6 7. Nge2 e5 8. Qb3 Nc6 9. c5+ Kh8 10. cxd6 cxd6 11. dxe5 dxe5 12. Rd1 Qe8 13. Bxf6 Bxf6 14. Nb5 Be6 15. Qa4 e4 16. Nc7 Qe7 17. Nxe6 exd3 18. Nxf8 dxe2 19. Rd7 Qxf8 20. Kxe2 Qe8 21. Rhd1 Rc8 22. Kf1 Ne5 23. Rc7 Qg8 24. Qc2 Rxc7 25. Qxc7 h5 26. b3 b5 27. h3 a6 28. Qb7 Qe6 29. Qd5 Qc8 30. Kg1 Qc2 31. Qd2 Qe4 32. f3 Qh4 33. Qf2 Qb4 34. f4 Ng6 35. Qf3 1-0


[Site "https://www.chess.com"]

[Event "Titled Tuesday Blitz January 17 Early 2023"]
[White "Silva, Caio Henrique Angelico"]
[Black "Dilanyan, Grigor"]
[WhiteFideId "22777210"]
[BlackFideId "13303570"]
[WhiteElo "2129"]
[BlackElo "2174"]
[Result "0-1"]
[Round "05"]
[TimeControl "180+2"]
[Date "2023.01.17"]
[WhiteClock "0:00:01"]
[BlackClock "0:00:12"]

1. Nf3 b6 2. g3 Bb7 3. Bg2 h5 4. h4 e6 5. d4 g6 6. c4 Bg7 7. Nc3 Ne7 8. e4 O-O 9. O-O d6 10. d5 e5 11. Rb1 Nd7 12. b4 a5 13. a3 axb4 14. axb4 Ra7 15. Nb5 Ra8 16. Be3 Ba6 17. Qc2 f6 18. Rfc1 Rf7 19. Bh3 Nf8 20. Kg2 Kh7 21. g4 Bc8 22. gxh5 Bxh3+ 23. Kxh3 gxh5 24. Rg1 Nfg6 25. c5 bxc5 26. bxc5 Rb8 27. cxd6 cxd6 28. Na7 Rxb1 29. Qxb1 Qd7+ 30. Kh2 Bh6 31. Bxh6 Kxh6 32. Nc6 Nf4 33. Rg3 Nxc6 34. dxc6 Qxc6 35. Qb8 Ng6 36. Qg8 Rg7 37. Qe6 Qxe4 38. Qxf6 Qf4 39. Qxd6 Kh7 40. Ng5+ Kh8 41. Qd8+ Rg8 42. Qd7 Qxh4+ 43. Kg1 Rg7 44. Qe8+ Rg8 45. Qf7 Rg7 46. Qf6 Qf4 47. Qd8+ Rg8 48. Qd7 Rg7 49. Qe8+ Qf8 50. Nf7+ Rxf7 51. Qxf7 Qxf7 0-1


[Site "https://www.chess.com"]

[Event "Titled Tuesday Blitz January 17 Early 2023"]
[White "Sargissyan, Sargis"]
[Black "Golubev, Mikhail"]
[WhiteFideId "13303210"]
[BlackFideId "14100983"]
[WhiteElo "2234"]
[BlackElo "2461"]
[Result "0-1"]
[Round "05"]
[TimeControl "180+2"]
[Date "2023.01.17"]
[WhiteClock "0:00:12"]
[BlackClock "0:00:17"]

1. e4 c5 2. Nf3 d6 3. d4 cxd4 4. Nxd4 Nf6 5. Nc3 Nc6 6. Bg5 e6 7. Qd2 a6 8. O-O-O Bd7 9. f4 Be7 10. Kb1 b5 11. Bxf6 Bxf6 12. Nxc6 Bxc6 13. Qxd6 Qxd6 14. Rxd6 Rc8 15. e5 Be7 16. Rd1 O-O 17. Bd3 Bxg2 18. Rhg1 Bc6 19. Ne4 Rfd8 20. Ng5 h6 21. Ne4 Rd4 22. Nf6+ Bxf6 23. exf6 g6 24. Rdf1 Kf8 25. h4 h5 26. Rg5 Be4 27. Be2 Rxc2 0-1


[Site "https://www.chess.com"]

[Event "Titled Tuesday Blitz January 17 Early 2023"]
[White "Belov, Alexei"]
[Black "Benmesbah, Natacha"]
[WhiteFideId "4128206"]
[BlackFideId "642002"]
[WhiteElo "2421"]
[BlackElo "2261"]
[Result "1-0"]
[Round "05"]
[TimeControl "180+2"]
[Date "2023.01.17"]
[WhiteClock "0:01:22"]
[BlackClock "0:01:14"]

1. e4 c5 2. Nf3 Nc6 3. d4 cxd4 4. Nxd4 Nf6 5. Nc3 e5 6. Ndb5 d6 7. Bg5 a6 8. Na3 Be6 9. Nc4 Rb8 10. a4 Be7 11. Bxf6 Bxf6 12. Nxd6+ Ke7 13. Nc4 Qxd1+ 14. Rxd1 Nd4 15. Ne3 Bg5 16. Ncd5+ Kf8 17. c3 Bxd5 18. Nxd5 Ne6 19. b4 b5 20. axb5 axb5 21. h4 Bh6 22. g3 g6 23. Be2 Kg7 24. O-O Rhc8 25. Ra1 Bd2 26. Ra3 f5 27. exf5 gxf5 28. Rd1 Bh6 29. Ne7 Rf8 30. Rd7 Kh8 31. Rd6 Ng7 32. Rxh6 1-0


[Site "https://www.chess.com"]

[Event "Titled Tuesday Blitz January 17 Early 2023"]
[White "Ovezdurdyyeva, Jemal"]
[Black "Melian, Juan Sebastian"]
[WhiteFideId "14001888"]
[BlackFideId "3706575"]
[WhiteElo "2078"]
[BlackElo "2293"]
[Result "1-0"]
[Round "05"]
[TimeControl "180+2"]
[Date "2023.01.17"]
[WhiteClock "0:00:30"]
[BlackClock "0:00:01"]

1. e4 c5 2. Nf3 e6 3. c3 Nf6 4. Bd3 Nc6 5. O-O Be7 6. Bc2 d6 7. d4 cxd4 8. cxd4 O-O 9. Nc3 h6 10. Qe2 e5 11. d5 Nb4 12. Bb1 Bd7 13. a3 Na6 14. Be3 Ng4 15. Bd2 f5 16. exf5 Bxf5 17. Bxf5 Rxf5 18. Qe4 Rf4 19. Bxf4 Nf6 20. Qf5 exf4 21. Rfe1 Bf8 22. Qxf4 Nc5 23. Qf5 Rc8 24. Nb5 a6 25. Nbd4 Nb3 26. Rad1 Na5 27. Ne6 Qd7 28. Qg6 Nc4 29. Nh4 Qf7 30. Qc2 Nb6 31. Qb3 Na8 32. Nf5 b5 33. Qg3 1-0


[Site "https://www.chess.com"]

[Event "Titled Tuesday Blitz January 17 Early 2023"]
[White "Fiorito, Francisco"]
[Black "Petrova, Irina"]
[WhiteFideId "180165"]
[BlackFideId "14124122"]
[WhiteElo "2305"]
[BlackElo "2108"]
[Result "1-0"]
[Round "05"]
[TimeControl "180+2"]
[Date "2023.01.17"]
[WhiteClock "0:01:27"]
[BlackClock "0:01:36"]

1. d4 d6 2. e4 g6 3. Nc3 Bg7 4. Be3 a6 5. Qd2 b5 6. a4 b4 7. Nd5 a5 8. c3 c6 9. Nf4 bxc3 10. bxc3 Nf6 11. f3 O-O 12. Bc4 d5 13. exd5 cxd5 14. Bb3 Nc6 15. Nge2 Ba6 16. O-O Rb8 17. Rfb1 Qd7 18. Nd3 Qf5 19. Nc5 Bc4 20. Bc2 Qc8 21. h3 Rxb1+ 22. Rxb1 Nd7 23. Nxd7 Qxd7 24. f4 Rb8 25. Rxb8+ Nxb8 26. g4 Nc6 27. f5 e5 28. fxe6 Ne5 29. exd7 1-0


[Site "https://www.chess.com"]

[Event "Titled Tuesday Blitz January 17 Early 2023"]
[White "Abdilkhair, Abilmansur"]
[Black "Turzo, Attila"]
[WhiteFideId "13716417"]
[BlackFideId "704954"]
[WhiteElo "2268"]
[BlackElo "2279"]
[Result "0-1"]
[Round "05"]
[TimeControl "180+2"]
[Date "2023.01.17"]
[WhiteClock "0:01:31"]
[BlackClock "0:01:54"]

1. d4 Nf6 2. c4 e6 3. g3 d5 4. Bg2 Bb4+ 5. Bd2 Be7 6. Nf3 c6 7. Qc2 Nbd7 8. O-O b6 9. b3 Ba6 10. Rd1 O-O 11. Ne5 Rc8 12. Nc3 Qc7 13. Bf4 Bd6 14. Nxd7 Qxd7 15. Bxd6 Qxd6 16. e4 Qa3 17. e5 Nd7 18. cxd5 cxd5 19. Rac1 Rc7 20. Qd2 Rfc8 21. Nb1 Qxc1 22. Rxc1 Rxc1+ 23. Bf1 0-1


[Site "https://www.chess.com"]

[Event "Titled Tuesday Blitz January 17 Early 2023"]
[White "Ibadov, Dashgyn"]
[Black "I_KID_you_not"]
[WhiteFideId "24107514"]
[WhiteElo "2391"]
[BlackElo "2332"]
[Result "0-1"]
[Round "05"]
[TimeControl "180+2"]
[Date "2023.01.17"]
[WhiteClock "0:00:01"]
[BlackClock "0:00:14"]

1. d4 Nf6 2. c4 c5 3. d5 b5 4. Qc2 bxc4 5. e4 e6 6. Bxc4 exd5 7. exd5 d6 8. Nf3 Be7 9. O-O O-O 10. h3 Nbd7 11. Bf4 Bb7 12. Nc3 Nb6 13. Qd3 Qd7 14. Rfe1 Nxc4 15. Qxc4 Rfe8 16. a4 Qf5 17. Rad1 Bf8 18. Rxe8 Rxe8 19. Qb5 Ba8 20. Bg5 Nd7 21. a5 h6 22. Bh4 Rb8 23. Qa6 Rb7 24. Re1 Ne5 25. Nxe5 dxe5 26. Bg3 f6 27. Ne4 Rxb2 28. Qc4 Kh7 29. f3 Qd7 0-1


[Site "https://www.chess.com"]

[Event "Titled Tuesday Blitz January 17 Early 2023"]
[White "Kamalidenova, Meruert"]
[Black "Zanette, Edgard Vinicius"]
[WhiteFideId "13712802"]
[BlackFideId "2109263"]
[WhiteElo "2350"]
[BlackElo "2085"]
[Result "1-0"]
[Round "05"]
[TimeControl "180+2"]
[Date "2023.01.17"]
[WhiteClock "0:01:12"]
[BlackClock "0:00:02"]

1. e4 c5 2. Nf3 d6 3. d4 cxd4 4. Nxd4 Nf6 5. Nc3 a6 6. Be2 e5 7. Nb3 Be7 8. Be3 O-O 9. g4 Be6 10. g5 Nfd7 11. h4 Nc6 12. Qd2 b5 13. O-O-O Rc8 14. Kb1 Nb6 15. f4 exf4 16. Bxf4 Ne5 17. Nd4 Bc4 18. Bxc4 Nbxc4 19. Qe1 Qc7 20. Nd5 Qb7 21. Nf5 Bd8 22. Qg3 Re8 23. Bxe5 dxe5 24. Nf6+ Bxf6 25. gxf6 g6 26. Nh6+ Kh8 27. h5 Rc7 28. hxg6 fxg6 29. f7 Rxf7 30. Nxf7+ Qxf7 31. Qg5 Rc8 32. Rdf1 Qg7 33. Rf6 Nd2+ 34. Qxd2 Qxf6 35. Qd7 Re8 36. Qxh7# 1-0


[Site "https://www.chess.com"]